 Dungeon Crawl Stone Soup version 0.21.1-1-g345015f (webtiles) character file.

301 kae the Insei (level 6, -1/41 HPs)
             Began as an Octopode Transmuter on May 26, 2018.
             Slain by Tramtrist's ghost (3 damage)
             ... on level 4 of the Dungeon.
             The game lasted 00:04:08 (3823 turns).

kae the Insei (Octopode Transmuter)                 Turns: 3823, Time: 00:04:09

Health: -1/41      AC:  1    Str:  9    XL:     6   Next: 37%
Magic:  9/10       EV: 14    Int: 16    God:
Gold:   127        SH:  4    Dex: 14    Spells: 5/11 levels left

rFire    . . .     SeeInvis .     - Unarmed
rCold    . . .     Gourm    .   j - +0 buckler
rNeg     . . .     Faith    .   (helmet restricted)
rPois    .         Spirit   .   (no amulet)
rElec    .         Reflect  .   i - ring of loudness (curse)
rCorr    .         Harm     .   (no ring)
MR       .....                  (no ring)
Stlth    +.........             (no ring)
HPRegen  0.13/turn              (no ring)
MPRegen  0.12/turn              (no ring)
                                (no ring)
                                (no ring)

@: appendage (expiring)
A: almost no armour, stealthy swim, amphibious, 8 rings, constrict 8, tentacle
spike 3, camouflage 1, gelatinous body 1
a: End Transformation


You were on level 4 of the Dungeon.
You were not hungry.
One of your tentacles had a temporary spike.
You visited 1 branch of the dungeon, and saw 4 of its levels.

You collected 127 gold pieces.

Inventory:

Missiles
 a - 33 arrows
Armour
 j - a +0 buckler (worn)
Jewellery
 i - a cursed ring of loudness (left tentacle)
Scrolls
 d - 3 scrolls of amnesia {unknown}
 f - 4 scrolls of remove curse {unknown}
 k - 4 scrolls of teleportation {unknown}
 l - 2 scrolls of enchant weapon {unknown}
 m - 3 scrolls of identify
 p - a scroll of blinking {unknown}
Potions
 e - 2 potions of flight
Books
 b - a book of Changes

   Spells                             Type                      Level
   a - Beastly Appendage              Transmutation                1
   b - Sticks to Snakes               Transmutation                2
   c - Spider Form                    Transmutation/Poison         3
   d - Ice Form                       Ice/Transmutation            4
   e - Blade Hands                    Transmutation                5
Comestibles
 c - 3 rations


   Skills:
 + Level 2.6 Fighting
 + Level 3.2 Dodging
 + Level 1.6 Shields
 + Level 3.9 Unarmed Combat
 + Level 3.0 Spellcasting
 + Level 3.3 Transmutations


You had 5 spell levels left.
You knew the following spells:

 Your Spells              Type           Power        Failure   Level  Hunger
a - Beastly Appendage     Tmut           ##....       6%          1    #......
b - Sticks to Snakes      Tmut           ##......     10%         2    ##.....
c - Spider Form           Tmut/Pois      #.........   36%         3    ###....


Dungeon Overview and Level Annotations

Branches:
Dungeon (4/15)
 Temple: D:4-7

Altars:

Annotations:
D:3 aronpayne's ghost, amateur DsFi
D:4 Tramtrist's ghost, amateur GnWn


Innate Abilities, Weirdness & Mutations

You cannot wear most types of armour.
You are very stealthy in the water. (Stealth+)
You are amphibious.
You can wear up to eight rings at the same time.
You can use your tentacles to constrict eight enemies at once.
Your skin changes colour to match your surroundings (Stealth+).
Your rubbery body absorbs attacks. (AC +1, EV +1)
One of your tentacles bears a large vicious spike.


Message History

Tramtrist's ghost is severely damaged.
Tramtrist's ghost hits you!
You writhe in agony.
Your adder misses Tramtrist's ghost. You barely miss Tramtrist's ghost.
Tramtrist's ghost is severely damaged.
Tramtrist's ghost hits you.
You writhe in agony.
Your adder closely misses Tramtrist's ghost.
You tentacle-slap Tramtrist's ghost.
You squeeze Tramtrist's ghost, but do no damage.
Tramtrist's ghost is severely damaged.
Your adder barely misses Tramtrist's ghost.
Tramtrist's ghost completely misses you.
You miss Tramtrist's ghost.
Your tentacle spike misses Tramtrist's ghost.
Tramtrist's ghost is severely damaged.
Your adder withers and dies!
Tramtrist's ghost hits you!
* * * LOW HITPOINT WARNING * * *
You writhe in agony.
You die...

#.#.###.....#
##....... #
#.###.W####
#.######
#.#.#...#..# #.#
#..........# #+#
###........# ...
#####.#### ....
#..## .....
####..W####......
........@..+......
#####...####......
#...# ..... ###.#
.... #.# ... #.#
+# #.# #.


You could see Tramtrist's ghost.

Vanquished Creatures
  A bullfrog (D:4)
  A howler monkey (D:4)
  An orc wizard (D:4)
  A hound (D:4)
  2 worker ants (D:4)
  3 adders
  An ooze (D:4)
  2 dart slugs
  A leopard gecko (D:1)
  5 orcs
  6 giant cockroaches
  11 goblins
  9 hobgoblins
  A quokka (D:3)
  A ball python (D:2)
  6 bats
  3 frilled lizards
  4 kobolds
  5 rats
64 creatures vanquished.

Notes
Turn   | Place    | Note
-------+----------+-------------------------------------------
     0 | D:1      | kae the Octopode Transmuter began the quest for the Orb.
     0 | D:1      | Reached XP level 1. HP: 13/13 MP: 3/3
   184 | D:1      | Reached XP level 2. HP: 17/18 MP: 5/5
   570 | D:1      | Reached XP level 3. HP: 20/23 MP: 4/6
  1749 | D:3      | Reached XP level 4. HP: 23/29 MP: 7/7
  2016 | D:3      | Noticed aronpayne's ghost (amateur DsFi)
  2764 | D:4      | Reached XP level 5. HP: 34/34 MP: 6/8
  2769 | D:4      | Noticed Tramtrist's ghost (amateur GnWn)
  3058 | D:4      | Reached skill level 1 in Shields
  3380 | D:4      | Learned a level 2 spell: Sticks to Snakes
  3384 | D:4      | Learned a level 3 spell: Spider Form
  3518 | D:4      | Reached XP level 6. HP: 36/41 MP: 7/10
  3823 | D:4      | HP: 2/41 [Tramtrist's ghost (13)]
  3823 | D:4      | Slain by Tramtrist's ghost

Skill      XL: |  1  2  3  4  5  6 |
---------------+-------------------+-----
Fighting       | 2 |  2.6
Shields        | 1 |  1.6
Dodging        | 3 |  3.2
Transmutations | 3 |  3.3
Spellcasting   | 3 |  3.0
Unarmed Combat | |  3.9

Action                   |  1- 3 |  4- 6 || total
-------------------------+-------+-------++-------
Melee: Unarmed           |    76 |    83 ||   159
       Constrict         |    22 |    17 ||    39
       Kick              |     6 |    19 ||    25
       Tentacles         |    14 |     8 ||    22
       Punch             |       |     1 ||     1
 Cast: Beastly Appendage |    12 |     9 ||    21
       Sticks to Snakes  |       |     2 ||     2
  Use: Scroll            |     2 |       ||     2
       Potion            |       |     5 ||     5
 Stab: Sleeping          |     6 |       ||     6
  Eat: Chunk             |     2 |     4 ||     6
       Ration            |       |     1 ||     1
Armor: Skin              |     7 |     5 ||    12
Dodge: Dodged            |    40 |    55 ||    95
Block: Buckler           |     3 |    13 ||    16
